SA
HIGHWOOD HAWKS @ ALAMEDA AIRMEN
06/03/2023
 
TOP OF THE 1ST
Highwood Hawks batting - Pitching for Alameda Airmen : RHP Reynaldo Maestas
Pitching: RHP Reynaldo Maestas
Batting: SHB Luis Manuel Flores 0-0: Called Strike
0-1: Bunt for hit - play at first, batter safe!
Batting: RHB Daniel Ruíz 0-0: Called Strike
0-1: Ball
1-1: Foul Ball, location: 2F
1-2: Strikes out looking
Batting: RHB Geoffrey Broekhuizen 0-0: Ball
Throwing error on steal attempt, E2
Luis Manuel Flores to third
1-0: Called Strike
1-1: Ball
2-1: Foul Ball, location: 2F
2-2: Fly out, F8 (Flyball, 8LD)
Runner from 3rd tags up, SCORES, no throw
Batting: LHB Errol Levick 0-0: Called Strike
0-1: Ground out 4-3 (Groundball, 4)
Top of the 1st over - 1 run(s), 1 hit(s), 1 error(s), 0 left on base; Highwood 1 - Alameda 0
BOTTOM OF THE 1ST
Alameda Airmen batting - Pitching for Highwood Hawks : RHP Enrique Madrid
Pitching: RHP Enrique Madrid
Batting: RHB Mariano Sánchez 0-0: Ball
1-0: Ball
2-0: Called Strike
2-1: Ball
3-1: Foul Ball, location: 2F
3-2: Ground out 6-3 (Groundball, 6)
Batting: SHB Orlando Villa 0-0: Ball
1-0: Ball
2-0: Foul Ball, location: 2F
2-1: Hit by Pitch
Batting: LHB Chad Graves 0-0: Foul Ball, location: 2F
Balk!
Orlando Villa to second
0-1: Ball
1-1: Called Strike
1-2: Ball
2-2: Foul Ball, location: 2F
2-2: SINGLE (Flyball, 7S)
Orlando Villa to third
Batting: RHB Joe Phillips 0-0: Ball
1-0: Called Strike
1-1: Swinging Strike
1-2: Foul Ball, location: 2F
1-2: Strikes out swinging
Batting: RHB Ricardo Téllez 0-0: Fly out, F8 (Flyball, 8LM)
Bottom of the 1st over - 0 run(s), 1 hit(s), 0 error(s), 2 left on base; Highwood 1 - Alameda 0
TOP OF THE 2ND
Highwood Hawks batting - Pitching for Alameda Airmen : RHP Reynaldo Maestas
Batting: LHB Curt Wilson 0-0: Called Strike
0-1: Foul Ball, location: 2F
0-2: Foul Ball, location: 2F
0-2: Ball
1-2: Foul Ball, location: 2F
1-2: Foul Ball, location: 2F
1-2: Ball
2-2: Strikes out swinging
Batting: RHB Júlio Becerra 0-0: SINGLE (Line Drive, 5D)
Batting: RHB Oscar Stephens 0-0: Ball
1-0: Foul Ball, location: 2F
1-1: Swinging Strike
1-2: Strikes out swinging
Júlio Becerra is caught stealing 2nd base
Batter strikes out.
Top of the 2nd over - 0 run(s), 1 hit(s), 0 error(s), 0 left on base; Highwood 1 - Alameda 0
BOTTOM OF THE 2ND
Alameda Airmen batting - Pitching for Highwood Hawks : RHP Enrique Madrid
Batting: SHB Esteban Lugo 0-0: Ground out 2-3 (Groundball, 23)
Batting: RHB Chad Shafer 0-0: Called Strike
0-1: Swinging Strike
0-2: Foul Ball, location: 2F
0-2: Foul Ball, location: 2F
0-2: Foul Ball, location: 2F
0-2: Strikes out swinging
Batting: RHB Nelson Flores 0-0: Ball
1-0: Ball
2-0: Foul Ball, location: 2F
2-1: Foul Ball, location: 2F
2-2: Foul Ball, location: 2F
2-2: Fly out, F5 (Popup, 5L)
Bottom of the 2nd over - 0 run(s), 0 hit(s), 0 error(s), 0 left on base; Highwood 1 - Alameda 0
TOP OF THE 3RD
Highwood Hawks batting - Pitching for Alameda Airmen : RHP Reynaldo Maestas
Batting: RHB Harry Freidricks 0-0: Ball
1-0: Ball
2-0: SINGLE (Line Drive, 56)
Batting: RHB Pepe Álvarez 0-0: Ball
1-0: Ball
2-0: Ball
3-0: Base on Balls
Harry Freidricks to second
Batting: SHB Luis Manuel Flores 0-0: Ball
1-0: Ball
2-0: Ball
3-0: Base on Balls
Harry Freidricks to third
Pepe Álvarez to second
Batting: RHB Daniel Ruíz 0-0: Swinging Strike
0-1: Ball
1-1: Swinging Strike
1-2: Ball
2-2: Strikes out swinging
Batting: RHB Geoffrey Broekhuizen 0-0: Ball
1-0: Called Strike
1-1: Swinging Strike
1-2: Foul Ball, location: 2F
1-2: Ball
2-2: Strikes out looking
Batting: LHB Errol Levick 0-0: Ball
1-0: Ball
2-0: Foul Ball, location: 2F
2-1: Ball
3-1: Fly out, F7 (Flyball, 7M)
Top of the 3rd over - 0 run(s), 1 hit(s), 0 error(s), 3 left on base; Highwood 1 - Alameda 0
BOTTOM OF THE 3RD
Alameda Airmen batting - Pitching for Highwood Hawks : RHP Enrique Madrid
Batting: RHB Dale Quick 0-0: Swinging Strike
0-1: Foul Ball, location: 2F
0-2: Strikes out looking
Batting: RHB Mariano Sánchez 0-0: Ball
1-0: Ball
2-0: Called Strike
2-1: Called Strike
2-2: Foul Ball, location: 2F
2-2: Foul Ball, location: 2F
2-2: Strikes out looking
Batting: SHB Orlando Villa 0-0: Ball
1-0: Called Strike
1-1: Ball
2-1: Called Strike
2-2: Strikes out swinging
Bottom of the 3rd over - 0 run(s), 0 hit(s), 0 error(s), 0 left on base; Highwood 1 - Alameda 0
TOP OF THE 4TH
Highwood Hawks batting - Pitching for Alameda Airmen : RHP Reynaldo Maestas
Batting: LHB Curt Wilson 0-0: Ground out 3-1 (Groundball, 23)
Batting: RHB Júlio Becerra 0-0: Ground out 6-3 (Groundball, 6M)
Batting: RHB Oscar Stephens 0-0: Called Strike
0-1: Swinging Strike
0-2: Ball
1-2: Ground out 4-3 (Groundball, 34)
Top of the 4th over - 0 run(s), 0 hit(s), 0 error(s), 0 left on base; Highwood 1 - Alameda 0
BOTTOM OF THE 4TH
Alameda Airmen batting - Pitching for Highwood Hawks : RHP Enrique Madrid
Batting: LHB Chad Graves 0-0: Called Strike
0-1: Ball
1-1: SINGLE (Groundball, 2L) (infield hit)
Batting: RHB Joe Phillips 0-0: Swinging Strike
0-1: Ball
1-1: SINGLE (Line Drive, 6MD)
Chad Graves to second
Batting: RHB Ricardo Téllez 0-0: Ball
1-0: SINGLE (Groundball, 6D)
Chad Graves to third
Joe Phillips to second
Batting: SHB Esteban Lugo 0-0: Called Strike
0-1: Ball
1-1: Ball
2-1: Called Strike
2-2: Strikes out swinging
Batting: RHB Chad Shafer 0-0: Ball
1-0: Fly out, F8 (Flyball, 8LS)
Batting: RHB Nelson Flores 0-0: Foul Ball, location: 2F
0-1: Swinging Strike
0-2: Ball
1-2: Ball
2-2: Strikes out swinging
Bottom of the 4th over - 0 run(s), 3 hit(s), 0 error(s), 3 left on base; Highwood 1 - Alameda 0
TOP OF THE 5TH
Highwood Hawks batting - Pitching for Alameda Airmen : RHP Reynaldo Maestas
Batting: RHB Harry Freidricks 0-0: Swinging Strike
0-1: DOUBLE (Groundball, 5L)
Batting: RHB Pepe Álvarez 0-0: Fly out, F9 (Flyball, 9S)
Batting: SHB Luis Manuel Flores 0-0: Fly out, F7 (Flyball, 7M)
Batting: RHB Daniel Ruíz 0-0: Called Strike
0-1: Ball
1-1: Ball
2-1: Swinging Strike
2-2: Foul Ball, location: 2F
2-2: Foul Ball, location: 2F
2-2: Ball
3-2: Base on Balls
Batting: RHB Geoffrey Broekhuizen 0-0: Swinging Strike
0-1: SINGLE (Line Drive, 9LS)
Harry Freidricks to third
Daniel Ruíz to second
Runner from 3rd tries for Home, SAFE, no throw or cutoff
Batting: LHB Errol Levick 0-0: Ball
1-0: Called Strike
1-1: Called Strike
1-2: Fly out, F3 (Popup, 3SF)
Top of the 5th over - 1 run(s), 2 hit(s), 0 error(s), 2 left on base; Highwood 2 - Alameda 0
BOTTOM OF THE 5TH
Alameda Airmen batting - Pitching for Highwood Hawks : RHP Enrique Madrid
Batting: RHB Dale Quick 0-0: Called Strike
0-1: Ground out 6-3 (Groundball, 6)
Batting: RHB Mariano Sánchez 0-0: Called Strike
0-1: Foul Ball, location: 2F
0-2: Strikes out swinging
Batting: SHB Orlando Villa 0-0: Called Strike
0-1: Ball
1-1: Ground out 4-3 (Groundball, 4)
Bottom of the 5th over - 0 run(s), 0 hit(s), 0 error(s), 0 left on base; Highwood 2 - Alameda 0
TOP OF THE 6TH
Highwood Hawks batting - Pitching for Alameda Airmen : RHP Reynaldo Maestas
Batting: LHB Curt Wilson 0-0: Called Strike
0-1: Ball
1-1: Ball
2-1: Ball
3-1: Base on Balls
Batting: RHB Júlio Becerra 0-0: Sac Bunt - play at first, batter OUT! 5-3
Curt Wilson to second
Batting: RHB Oscar Stephens 0-0: Called Strike
0-1: Ball
Wild Pitch!
Curt Wilson to third
1-1: Called Strike
1-2: Ball
2-2: Foul Ball, location: 2F
2-2: Ball
3-2: Base on Balls
Batting: RHB Harry Freidricks 0-0: Ball
1-0: Fly out, F8 (Popup, 4MD)
Batting: RHB Pepe Álvarez 0-0: Ball
1-0: Swinging Strike
1-1: Foul Ball, location: 2F
1-2: Foul Ball, location: 2F
1-2: Foul Ball, location: 2F
1-2: Foul Ball, location: 2F
1-2: Ball
2-2: Ball
3-2: Foul Ball, location: 2F
3-2: Strikes out swinging
Top of the 6th over - 0 run(s), 0 hit(s), 0 error(s), 2 left on base; Highwood 2 - Alameda 0
BOTTOM OF THE 6TH
Alameda Airmen batting - Pitching for Highwood Hawks : RHP Enrique Madrid
Batting: LHB Chad Graves 0-0: Ground out U3 (Groundball, 3L)
Batting: RHB Joe Phillips 0-0: Fly out, F8 (Popup, 6MD)
Batting: RHB Ricardo Téllez 0-0: Ball
1-0: Swinging Strike
1-1: Ball
2-1: Ground out 4-3 (Groundball, 4)
Bottom of the 6th over - 0 run(s), 0 hit(s), 0 error(s), 0 left on base; Highwood 2 - Alameda 0
TOP OF THE 7TH
Highwood Hawks batting - Pitching for Alameda Airmen : RHP Reynaldo Maestas
Pitching: LHP Cristo Perales
Batting: SHB Luis Manuel Flores 0-0: Called Strike
0-1: Fly out, F4 (Popup, 3DF)
Batting: RHB Daniel Ruíz 0-0: Ball
1-0: Foul Ball, location: 2F
1-1: Ball
2-1: Foul Ball, location: 2F
2-2: Ball
3-2: Strikes out swinging
Batting: RHB Geoffrey Broekhuizen 0-0: Ball
1-0: Foul Ball, location: 2F
1-1: Swinging Strike
1-2: Ball
2-2: Foul Ball, location: 2F
2-2: Ball
3-2: Foul Ball, location: 2F
3-2: Base on Balls
Batting: LHB Errol Levick 0-0: Fly out, F9 (Flyball, 9M)
Top of the 7th over - 0 run(s), 0 hit(s), 0 error(s), 1 left on base; Highwood 2 - Alameda 0
BOTTOM OF THE 7TH
Alameda Airmen batting - Pitching for Highwood Hawks : RHP Enrique Madrid
Batting: SHB Esteban Lugo 0-0: Ball
1-0: Foul Ball, location: 2F
1-1: Called Strike
1-2: Ball
2-2: Ground out 4-3 (Groundball, 4)
Batting: RHB Chad Shafer 0-0: Ball
1-0: Called Strike
1-1: Swinging Strike
1-2: Strikes out swinging
Batting: RHB Nelson Flores 0-0: Foul Ball, location: 2F
0-1: Ball
1-1: Called Strike
1-2: Strikes out swinging
Bottom of the 7th over - 0 run(s), 0 hit(s), 0 error(s), 0 left on base; Highwood 2 - Alameda 0
TOP OF THE 8TH
Highwood Hawks batting - Pitching for Alameda Airmen : LHP Cristo Perales
Batting: LHB Curt Wilson 0-0: Called Strike
0-1: Ball
1-1: Ball
2-1: Fly out, F3 (Popup, 3F)
Batting: RHB Júlio Becerra 0-0: Called Strike
0-1: Ball
1-1: Foul Ball, location: 2F
1-2: Strikes out swinging
Batting: RHB Oscar Stephens 0-0: Ball
1-0: Ball
2-0: Called Strike
2-1: Foul Ball, location: 2F
2-2: SINGLE (Groundball, 34D)
Batting: RHB Harry Freidricks 0-0: Ground out 6-3 (Groundball, 56D)
Top of the 8th over - 0 run(s), 1 hit(s), 0 error(s), 1 left on base; Highwood 2 - Alameda 0
BOTTOM OF THE 8TH
Alameda Airmen batting - Pitching for Highwood Hawks : RHP Enrique Madrid
Batting: RHB Dale Quick 0-0: Called Strike
0-1: Swinging Strike
0-2: Ball
1-2: Fly out, F8 (Flyball, 8LM)
Batting: RHB Mariano Sánchez 0-0: Ball
1-0: Ground out 5-3 (Groundball, 56)
Batting: SHB Orlando Villa 0-0: Ball
1-0: Fly out, F7 (Flyball, 78M)
Bottom of the 8th over - 0 run(s), 0 hit(s), 0 error(s), 0 left on base; Highwood 2 - Alameda 0
TOP OF THE 9TH
Highwood Hawks batting - Pitching for Alameda Airmen : LHP Cristo Perales
Pitching: LHP Finn Wuilink
Batting: RHB Pepe Álvarez 0-0: Called Strike
0-1: Foul Ball, location: 2F
0-2: Foul Ball, location: 2F
0-2: Fly out, F9 (Flyball, 9M)
Batting: SHB Luis Manuel Flores 0-0: Foul Ball, location: 2F
0-1: Swinging Strike
0-2: Ball
1-2: SINGLE (Line Drive, 7LM)
Batting: RHB Daniel Ruíz 0-0: Ball
1-0: Swinging Strike
1-1: Foul Ball, location: 2F
1-2: Strikes out swinging
Batting: RHB Geoffrey Broekhuizen 0-0: Ball
1-0: Ball
2-0: Called Strike
2-1: Ball
3-1: Swinging Strike
3-2: Strikes out looking
Top of the 9th over - 0 run(s), 1 hit(s), 0 error(s), 1 left on base; Highwood 2 - Alameda 0
BOTTOM OF THE 9TH
Alameda Airmen batting - Pitching for Highwood Hawks : RHP Enrique Madrid
Pitching: RHP Manuel Vázquez
Batting: LHB Chad Graves 0-0: Ball
1-0: Foul Ball, location: 2F
1-1: Ground out 4-3 (Groundball, 4)
Batting: RHB Joe Phillips 0-0: Called Strike
0-1: Ball
1-1: Foul Ball, location: 2F
1-2: Foul Ball, location: 2F
1-2: Foul Ball, location: 2F
1-2: Fly out, F4 (Line Drive, 4)
Batting: RHB Ricardo Téllez 0-0: Called Strike
0-1: Ball
1-1: Ball
2-1: Ball
3-1: Ground out 1-3 (Groundball, 15)
Bottom of the 9th over - 0 run(s), 0 hit(s), 0 error(s), 0 left on base; Highwood 2 - Alameda 0
This league is powered by Out of the Park Baseball, the baseball management simulation game for PC, Mac and Linux
Friday, July 8th, 2016 - OOTP Baseball 16.9 Build 39